AoeStats
← qwery_1022

Nomad

513734366Analyzed
2v2 RM · 5d ago on Oct 15, 2026· 53m 8s· 4 players
Game mode
Random Map
Map size
176×176
Population
200
Speed
Normal
Resources
Standard
Victory
Conquest
Starting age
Dark Age
Ending age
Imperial Age
RankedLock teamsTeams togetherTeam positionsShared explorationLock speedFull tech treeHidden civsTurbo modeCheats
Victory
Defeat
🇺🇸 Celts · United States
822
+16
🇨🇳 Huns · China
775
+17
vs
🇳🇿 Italians · New Zealand
813
-17
🇳🇿 Muisca · New Zealand
807
-16
Slippery Susan
7:25 Loom
13:58 Feudal Age
15:22 Fishing Lines
19:54 Castle Age
18:56 Scale Barding Armor
19:09 Gold Mining
19:38 Padded Archer Armor
19:28 Fletching
21:10 Gillnets
21:33 Double-Bit Axe
23:23 Bloodlines
24:47 Stone Mining
26:56 Wheelbarrow
26:09 Town Watch
28:58 Husbandry
34:39 Hand Cart
34:45 Scale Mail Armor
35:09 Chain Barding Armor
39:13 Town Patrol
39:57 Forging
40:08 Leather Archer Armor
45:52 Imperial Age
43:59 Bow Saw
46:03 Cavalier
Noggler
14:24 Feudal Age
15:18 Double-Bit Axe
16:42 Horse Collar
17:11 Town Watch
18:27 Wheelbarrow
21:33 Castle Age
21:49 Champi Runner
22:52 Bow Saw
24:02 Hand Cart
23:37 Loom
24:08 Hand Cart
24:26 Heavy Plow
24:18 Gold Mining
24:44 Squires
24:57 Scale Mail Armor
26:02 Forging
25:54 Champi Warrior
28:14 Town Patrol
28:51 Gold Shaft Mining
28:06 Stone Mining
28:52 Chain Mail Armor
30:39 Iron Casting
30:42 Medium Warships
35:45 Herbalism
37:02 Fletching
37:09 Elite Skirmisher
40:44 Thumb Ring
40:39 Bodkin Arrow
44:07 Imperial Age
43:30 Padded Archer Armor
44:49 Elite Champi Warrior
50:03 Elite Guecha Warrior
51:20 Ballistics
51:08 Bracer
xbanyai
13:34 Feudal Age
16:41 Man-at-Arms
18:12 Gold Mining
19:23 Wheelbarrow
22:17 Horse Collar
23:24 Scale Barding Armor
25:52 Castle Age
24:50 Scale Mail Armor
28:03 Long Swordsman
28:58 Forging
30:29 Husbandry
30:52 Chain Barding Armor
31:06 Arson
32:08 Gold Shaft Mining
34:43 Hand Cart
34:21 Stone Mining
35:44 Caravan
35:22 Pikeman
39:15 Chain Mail Armor
40:57 Town Watch
41:22 Double-Bit Axe
42:38 Bow Saw
42:23 Gambesons
46:25 Ballistics
46:16 Fortified Wall
47:00 Stone Shaft Mining
47:04 Iron Casting
48:00 Heavy Plow
50:44 Imperial Age
52:17 Plate Mail Armor
51:51 Two-Handed Swordsman
qwery_1022
15:19 Feudal Age
17:42 Horse Collar
19:04 Double-Bit Axe
22:10 Castle Age
22:08 Fletching
22:19 Padded Archer Armor
23:18 Gold Mining
24:20 Stone Mining
24:37 Bodkin Arrow
24:58 Leather Archer Armor
25:33 Bow Saw
31:05 Ballistics
33:03 Forging
32:58 Scale Barding Armor
33:33 Thumb Ring
33:42 Masonry
34:41 Wheelbarrow
36:34 Hand Cart
36:30 Heavy Plow
40:43 Imperial Age
40:56 Caravan
42:14 Conscription
42:19 Atheism
41:37 Heavy Cavalry Archer
42:43 Parthian Tactics
43:44 Chemistry
42:40 Murder Holes
42:50 Bracer
45:50 Elite Tarkan
46:32 Marauders
48:47 Chain Barding Armor
49:03 Iron Casting
52:04 Husbandry
52:14 Bloodlines
Connection lost

Rejoining the realm…

Still unreachable

The connection could not be restored.

Session expired

The server has moved on; the page needs a fresh start.